 Dungeon Crawl Stone Soup version 0.20.1-1-g8b1a95d (webtiles) character file.

199 tidbits the Skirmisher (level 5, -8/50 HPs)
             Began as a Demigod Wanderer on Aug 22, 2017.
             Mangled by an ogre
             ... wielding a +0 giant club
              (27 damage)
             ... on level 4 of the Dungeon.
             The game lasted 00:08:35 (1014 turns).

tidbits the Skirmisher (Demigod Wanderer)           Turns: 1014, Time: 00:08:35

Health: -8/50      AC:  9    Str: 18    XL:     5   Next: 23%
Magic:  7/7        EV:  9    Int: 17    God:
Gold:   131        SH:  0    Dex: 13    Spells: 4/4 levels left

rFire    . . .     SeeInvis .   a - +3 spear
rCold    . . .     Gourm    .   (no shield)
rNeg     . . .     Faith    .   B - +0 scale mail
rPois    .         Spirit   .   (no helmet)
rElec    .         Reflect  .   (no cloak)
rCorr    .         Harm     .   G - +2 pair of gloves
MR       .....                  (no boots)
Stlth    ..........             (no amulet)
Regen    0.2/turn               (no ring)
MPRegen  0.1/turn               (no ring)

@: no status effects
A: high mp 1
a: no special abilities


You were on level 4 of the Dungeon.
You were hungry.

You visited 1 branch of the dungeon, and saw 4 of its levels.

You collected 131 gold pieces.

Inventory:

Hand Weapons
 a - a +3 spear (weapon)
 b - a +0 mace
 p - a +0 hunting sling
 v - a +0 blowgun
Missiles
 j - 16 stones
 o - 4 tomahawks (quivered)
 s - 69 arrows
Armour
 d - a +0 robe
 B - a +0 scale mail (worn)
 G - a +2 pair of gloves (worn)
Jewellery
 n - an uncursed ring of ice
   (You found it on level 3 of the Dungeon)
Wands
 w - a wand of enslavement (12/24)
Scrolls
 i - a scroll of enchant weapon
 l - a scroll of magic mapping
 q - a scroll of fog {unknown}
 t - a scroll of remove curse {unknown}
Potions
 c - 5 potions of curing
 e - a potion of might {unknown}
 k - 3 potions of flight
 r - a potion of cancellation {unknown}
 u - a potion of magic {unknown}
Comestibles
 f - 3 bread rations
 m - a royal jelly


   Skills:
 + Level 5.7 Fighting
 - Level 1.7 Polearms
   Level 1.0 Bows
 - Level 1.0 Throwing
 - Level 1.0 Armour
 - Level 1.0 Dodging
 - Level 1.0 Stealth


You had 4 spell levels left.
You didn't know any spells.

Dungeon Overview and Level Annotations

Branches:
Dungeon (4/15)
 Temple: D:4-7

Shops:
D:3 *


Innate Abilities, Weirdness & Mutations

You have an increased reservoir of magic. (+10% MP)


Message History

There is a stone staircase leading down here.
You climb downwards.
There is a stone staircase leading up here.
You see here a trident.
There is a stone staircase leading down here.
You climb downwards.
Found 15 arrows.
There is a stone staircase leading up here.
s - 47 arrows (gained 15)
Found 22 arrows.
s - 69 arrows (gained 22)
Found 13 gold pieces.
A scorpion comes into view.
Found 20 stones.
You see here 13 gold pieces.
You now have 131 gold pieces (gained 13).
Attack whom?
Press: ? - help, Dir - move target cursor, f - scorpion
Aim: a scorpion You reach to attack!
You hit the scorpion but do no damage. You hit the scorpion but do no damage.
The scorpion stings you.
You hit the scorpion but do no damage. The scorpion barely misses you.
You hit the scorpion.
The scorpion is moderately wounded.
The scorpion stings you.
You barely miss the scorpion.
The scorpion is moderately wounded.
The scorpion barely misses you.
You hit the scorpion but do no damage.
The scorpion is moderately wounded.
The scorpion stings you.
You hit the scorpion but do no damage.
The scorpion is moderately wounded.
The scorpion closely misses you.
You hit the scorpion.
The scorpion is heavily wounded.
The scorpion stings you but does no damage.
You closely miss the scorpion.
The scorpion is heavily wounded.
The scorpion closely misses you.
You barely miss the scorpion.
The scorpion is heavily wounded.
The scorpion misses you.
You hit the scorpion.
The scorpion is almost dead.
The scorpion completely misses you.
You completely miss the scorpion.
The scorpion is almost dead.
The scorpion stings you.
Your scale mail prevents you from hitting the scorpion.
The scorpion is almost dead.
The scorpion stings you!
* * * LOW HITPOINT WARNING * * *
You hit the scorpion but do no damage.
The scorpion is severely wounded.
You are feeling hungry.
The scorpion barely misses you.
You hit the scorpion but do no damage.
The scorpion is severely wounded.
The scorpion stings you.
* * * LOW HITPOINT WARNING * * *
You hit the scorpion.
You kill the scorpion!
You have reached level 5!
Okay, then.
Okay, then.
You see here a scorpion corpse.
Found a scroll of identify.
Okay, then.
Found a stone staircase leading up.
You see here 20 stones.
Found a stone staircase leading down.
Autopickup is now off.
Autopickup is now on.
Autopickup is now off.
You see here a scroll of identify.
As you read the scroll of identify, it crumbles to dust.
w - a wand of enslavement (15/24)
An ogre comes into view. It is wielding a giant club.
The ogre shouts!
Found a rapier.
Evoke which item? (* to show all) (? for menu, Esc to quit)
Aiming: Enslavement
Press: ? - help, Shift-Dir - straight line, f - ogre
Aim: an ogre, wielding a giant club (chance to defeat MR: 46%)
The ogre resists with some effort.
This wand has 14 charges left.
The ogre misses you.
Evoke which item? (* to show all) (? for menu, Esc to quit)
Aiming: Enslavement
Press: ? - help, Shift-Dir - straight line, f/p - ogre
Aim: an ogre, wielding a giant club (chance to defeat MR: 46%)
The ogre resists with some effort.
This wand has 13 charges left.
Evoke which item? (* to show all) (? for menu, Esc to quit)
Aiming: Enslavement
Press: ? - help, Shift-Dir - straight line, f/p - ogre
Aim: an ogre, wielding a giant club (chance to defeat MR: 46%)
The ogre resists with some effort.
This wand has 12 charges left.
The ogre hits you with a giant club!!
Ouch! That really hurt!
You die...

#.# #.# # #.# ## #. #.#
#.#.#
#.##.####.#..######
####........#......... #
..)...<...#.....##......
#..O@...#..#.##.##.#
#.###..#.###.##....##
#........##†###.#
#.###....(......# #..
#.....##.######.###.#
....######.# #....## .#
#.# #....# #.# #.####
#.# #.#


You could see an ogre.

Vanquished Creatures
  A scorpion (D:4)
  An orc priest (D:2)
  An orc wizard (D:3)
  Natasha (D:2)
  3 adders
  An ooze (D:2)
  A dart slug (D:1)
  A leopard gecko (D:3)
  7 bats
  4 giant cockroaches
  4 hobgoblins
  3 jackals
  3 kobolds
  A quokka (D:2)
  5 frilled lizards
  5 rats
42 creatures vanquished.

Notes
Turn   | Place    | Note
-------+----------+-------------------------------------------
     0 | D:1      | tidbits the Demigod Wanderer began the quest for the Orb.
     0 | D:1      | tidbits set off with: a +2 spear, a +0 mace, a potion of curing, a +0 robe, a bread ration
     0 | D:1      | Reached XP level 1. HP: 18/18 MP: 3/3
   104 | D:1      | Reached skill level 3 in Fighting
   300 | D:3      | Reached XP level 2. HP: 26/26 MP: 4/4
   353 | D:3      | Found a sacrificial altar of Ru.
   367 | D:3      | Reached skill level 4 in Fighting
   367 | D:3      | Reached XP level 3. HP: 24/33 MP: 5/5
   637 | D:2      | Found a shattered altar of Ashenzari.
   716 | D:2      | Reached XP level 4. HP: 39/41 MP: 6/6
   784 | D:3      | Found Zin's Purification Station.
   819 | D:2      | Reached skill level 5 in Fighting
   883 | D:2      | Noticed Natasha
   895 | D:2      | Killed Natasha
   995 | D:4      | Reached XP level 5. HP: 16/50 MP: 7/7
  1010 | D:4      | Noticed an ogre
  1014 | D:4      | Mangled by an ogre

Skill      XL: |  1  2  3  4 |
---------------+-------------+-----
Fighting       | 3 4 5 |  5.7
Polearms       | |  1.7
Bows           | |  1.0
Throwing       | |  1.0
Armour         | |  1.0
Dodging        | |  1.0
Stealth        | |  1.0

Action                   |  1- 3 |  4- 6 || total
-------------------------+-------+-------++-------
Melee: Spear             |    92 |    38 ||   130
Evoke: Wand              |       |     3 ||     3
  Use: Scroll            |     1 |     4 ||     5
 Stab: Sleeping          |     1 |       ||     1
       Paralysed         |     1 |       ||     1
Armor: Scale mail        |    22 |    15 ||    37
Dodge: Dodged            |    35 |    14 ||    49

Table legend:
 A = Turns spent in this place as a percentage of turns spent in the entire game.
 B = Non-inter-level travel turns spent in this place as a percentage of non-inter-level travel turns spent in the entire game.
 C = Inter-level travel turns spent in this place as a percentage of turns spent in this place.
 D = Turns resting spent in this place as a percentage of non-inter-level travel turns spent in this place.
 E = Turns spent auto-exploring this place as a percentage of non-inter-level travel turns spent in this place.
 F = Non-inter-level travel turns spent in this place divided by the number of levels of this place that you've seen.
                   A       B       C       D       E      F
               +-------+-------+-------+-------+-------+----------------------
         Total | 100.0 | 100.0 |   0.1 |   0.0 |   0.0 | 230.8
       Dungeon | 100.0 | 100.0 |   0.1 |   0.0 |   0.0 | 230.8
               +-------+-------+-------+-------+-------+----------------------

Table legend:
 A = Kills in this place as a percentage of kills in entire the game.
 B = Kills by you in this place as a percentage of kills by you in the entire game.
 C = Kills by friends in this place as a percentage of kills by friends in the entire game.
 D = Other kills in this place as a percentage of other kills in the entire game.
 E = Experience gained in this place as a percentage of experience gained in the entire game.
 F = Experience gained in this place divided by the number of levels of this place that you have seen.
                   A       B       C       D       E      F
               +-------+-------+-------+-------+-------+----------------------
         Total | 100.0 | 100.0 |  -nan |  -nan | 100.0 |  71.2
       Dungeon | 100.0 | 100.0 |  -nan |  -nan | 100.0 |  71.2
               +-------+-------+-------+-------+-------+----------------------

Vault maps used:
D:1:      minmay_arrival_diagonal_passages
D:2:      marbit_many_paths, elyvilon_altar_3, first_bread,
          evilmike_ruin_ashenzari, uniq_natasha
D:3:      lemuel_coloured_pillars_altar, zin_purify,
          nicolae_ru_great_annihilating_truth, uniq_jessica, uniq_sigmund
D:4:      fedhas_altar_3, minmay_temple_entry_enclosed_plants
